BR (22 & UNDER)
LOGAN SWANS @ PLYMOUTH COCKS
09/04/2029
 
TOP OF THE 1ST
Logan Swans batting - Pitching for Plymouth Cocks : LHP William Evans
Pitching: LHP William Evans
Batting: RHB Ricardo Manegdeg 0-0: Called Strike
0-1: Ball
1-1: Foul Ball, location: 2F
1-2: Ball
2-2: Foul Ball, location: 2F
2-2: Foul Ball, location: 2F
2-2: Strikes out swinging
Batting: RHB Francisco Durango 0-0: Ball
1-0: Swinging Strike
1-1: Fly out, F7 (Flyball, 7S)
Batting: SHB Torajiro Ito 0-0: Fly out, F8 (Line Drive, 78D)
Top of the 1st over - 0 runs, 0 hits, 0 errors, 0 left on base; Logan 0 - Plymouth 0
BOTTOM OF THE 1ST
Plymouth Cocks batting - Pitching for Logan Swans : RHP Carlos Abrante
Pitching: RHP Carlos Abrante
Batting: RHB Travis Jackson 0-0: Ball
1-0: Foul Ball, location: 2F
1-1: Ground out 1-3 (Groundball, P)
Batting: LHB Vito Ramírez 0-0: Swinging Strike
0-1: Fly out, F9 (Line Drive, 9)
Batting: LHB T.J. Richardson 0-0: Ball
1-0: Ball
2-0: Called Strike
2-1: Fly out, F8 (Flyball, 78M)
Bottom of the 1st over - 0 runs, 0 hits, 0 errors, 0 left on base; Logan 0 - Plymouth 0
TOP OF THE 2ND
Logan Swans batting - Pitching for Plymouth Cocks : LHP William Evans
Batting: RHB Bill Becker 0-0: Foul Ball, location: 2F
0-1: Foul Ball, location: 2F
0-2: Foul Ball, location: 2F
0-2: Ground out U3 (Groundball, 34S)
Batting: RHB Amando Ursulo 0-0: Called Strike
0-1: Foul Ball, location: 2F
0-2: Ball
1-2: Ball
2-2: Strikes out swinging
Batting: SHB Francisco García 0-0: Foul Ball, location: 2F
0-1: Foul Ball, location: 2F
0-2: Strikes out swinging
Top of the 2nd over - 0 runs, 0 hits, 0 errors, 0 left on base; Logan 0 - Plymouth 0
BOTTOM OF THE 2ND
Plymouth Cocks batting - Pitching for Logan Swans : RHP Carlos Abrante
Batting: SHB António Cortéz 0-0: Called Strike
0-1: Called Strike
0-2: Ball
1-2: Strikes out swinging
Batting: RHB Jeffrey Barker 0-0: Ball
1-0: Ball
2-0: Ball
3-0: Base on Balls
Batting: LHB Dave Sanders 0-0: Ball
1-0: Ball
2-0: Ball
3-0: Called Strike
3-1: Foul Ball, location: 2F
3-2: Base on Balls
Jeffrey Barker to second
Batting: RHB Marcos Pérez 0-0: Called Strike
0-1: Hit by Pitch
Jeffrey Barker to third
Dave Sanders to second
Batting: RHB Rob Palmer 0-0: Ball
1-0: Called Strike
1-1: Ball
2-1: Ball
3-1: Foul Ball, location: 2F
3-2: SINGLE (Groundball, 56D)
Jeffrey Barker scores
Dave Sanders to third
Marcos Pérez to second
Batting: RHB Augusto Vázquez 0-0: Called Strike
0-1: Foul Ball, location: 2F
0-2: Foul Ball, location: 2F
0-2: Ball
1-2: Fly out, F8 (Line Drive, 8LM)
Runner from 3rd tags up, SCORES, throw made
Batting: RHB Travis Jackson 0-0: Called Strike
0-1: Foul Ball, location: 2F
0-2: Strikes out swinging
Bottom of the 2nd over - 2 runs, 1 hit, 0 errors, 2 left on base; Logan 0 - Plymouth 2
TOP OF THE 3RD
Logan Swans batting - Pitching for Plymouth Cocks : LHP William Evans
Batting: RHB Víctor Cuevas 0-0: Ball
1-0: SINGLE (Groundball, 6MD)
Batting: RHB Jeremy Camanho 0-0: Ball
1-0: Ball
2-0: Called Strike
2-1: Foul Ball, location: 2F
2-2: Ball
3-2: Foul Ball, location: 2F
3-2: Strikes out looking
Batting: RHB Sergio Mora 0-0: Foul Ball, location: 2F
0-1: Ball
1-1: Called Strike
1-2: Strikes out swinging
Batting: RHB Ricardo Manegdeg 0-0: Ball
1-0: Called Strike
1-1: SINGLE (Line Drive, 78S)
Víctor Cuevas to second
Batting: RHB Francisco Durango 0-0: Ball
1-0: Foul Ball, location: 2F
1-1: Ball
2-1: DOUBLE (Groundball, 5L)
Víctor Cuevas scores
Ricardo Manegdeg to third
Runner from 3rd tries for Home, SAFE, no throw
Batting: SHB Torajiro Ito 0-0: Foul Ball, location: 2F
0-1: Ball
1-1: Ball
2-1: SINGLE (Line Drive, 56D)
Francisco Durango to third
Runner from 3rd tries for Home, throw and OUT!
Top of the 3rd over - 2 runs, 4 hits, 0 errors, 1 left on base; Logan 2 - Plymouth 2
BOTTOM OF THE 3RD
Plymouth Cocks batting - Pitching for Logan Swans : RHP Carlos Abrante
Batting: LHB Vito Ramírez 0-0: Ball
1-0: Ball
2-0: Foul Ball, location: 2F
2-1: Ball
3-1: Fly out, F4 (Line Drive, 4)
Batting: LHB T.J. Richardson 0-0: Ball
1-0: Foul Ball, location: 2F
1-1: Called Strike
1-2: Ball
2-2: Strikes out swinging
Batting: SHB António Cortéz 0-0: Fly out, F9 (Flyball, 89S)
Bottom of the 3rd over - 0 runs, 0 hits, 0 errors, 0 left on base; Logan 2 - Plymouth 2
TOP OF THE 4TH
Logan Swans batting - Pitching for Plymouth Cocks : LHP William Evans
Batting: RHB Bill Becker 0-0: Ball
1-0: Foul Ball, location: 2F
1-1: Foul Ball, location: 2F
1-2: Foul Ball, location: 2F
1-2: Fly out, F8 (Flyball, 8LS)
Batting: RHB Amando Ursulo 0-0: Ball
1-0: Ground out 1-3 (Groundball, 15S)
Batting: SHB Francisco García 0-0: Called Strike
0-1: SINGLE (Groundball, 34D)
Batting: RHB Víctor Cuevas 0-0: Foul Ball, location: 2F
0-1: Ball
1-1: Foul Ball, location: 2F
1-2: Foul Ball, location: 2F
1-2: Ball
Francisco García steals 2nd base
2-2: SINGLE (Line Drive, 8LS)
Francisco García to third
Runner from 3rd tries for Home, SAFE, no throw
Batting: RHB Jeremy Camanho 0-0: Ball
1-0: Called Strike
1-1: Ball
2-1: Ball
3-1: Called Strike
3-2: Foul Ball, location: 2F
3-2: Foul Ball, location: 2F
3-2: Foul Ball, location: 2F
3-2: Fly out, F7 (Flyball, 78D)
Top of the 4th over - 1 run, 2 hits, 0 errors, 1 left on base; Logan 3 - Plymouth 2
BOTTOM OF THE 4TH
Plymouth Cocks batting - Pitching for Logan Swans : RHP Carlos Abrante
Batting: RHB Jeffrey Barker 0-0: Called Strike
0-1: Ball
1-1: Ball
2-1: Foul Ball, location: 2F
2-2: Ground out 6-3 (Groundball, 6)
Batting: LHB Dave Sanders 0-0: Ball
1-0: Ball
2-0: Called Strike
2-1: Foul Ball, location: 2F
2-2: Ground out 6-3 (Groundball, 6)
Batting: RHB Marcos Pérez 0-0: SINGLE (Groundball, 34D)
Batting: RHB Rob Palmer 0-0: Ball
1-0: SINGLE (Line Drive, 78S)
Marcos Pérez to second
Batting: RHB Augusto Vázquez 0-0: Swinging Strike
0-1: Called Strike
0-2: Ball
1-2: Ball
2-2: Fielders Choice at 2nd, 6-4 (Groundball, 6)
Bottom of the 4th over - 0 runs, 2 hits, 0 errors, 2 left on base; Logan 3 - Plymouth 2
TOP OF THE 5TH
Logan Swans batting - Pitching for Plymouth Cocks : LHP William Evans
Batting: RHB Sergio Mora 0-0: Called Strike
0-1: Swinging Strike
0-2: Ball
1-2: Foul Ball, location: 2F
1-2: Ball
2-2: Foul Ball, location: 2F
2-2: Foul Ball, location: 2F
2-2: Strikes out looking
Batting: RHB Ricardo Manegdeg 0-0: Called Strike
0-1: SINGLE (Groundball, 56D)
Batting: RHB Francisco Durango 0-0: Called Strike
0-1: Ball
1-1: Foul Ball, location: 2F
1-2: Fielders Choice at 2nd, 1-4 (Groundball, 15S)
Batting: SHB Torajiro Ito 0-0: Called Strike
0-1: Ball
1-1: Fly out, F5 (Popup, 15S)
Top of the 5th over - 0 runs, 1 hit, 0 errors, 1 left on base; Logan 3 - Plymouth 2
BOTTOM OF THE 5TH
Plymouth Cocks batting - Pitching for Logan Swans : RHP Carlos Abrante
Batting: RHB Travis Jackson 0-0: Called Strike
0-1: Foul Ball, location: 2F
0-2: Foul Ball, location: 2F
0-2: Ball
1-2: Strikes out swinging
Batting: LHB Vito Ramírez 0-0: Fly out, F8 (Flyball, 8LM)
Batting: LHB T.J. Richardson 0-0: Ball
1-0: Ball
2-0: Ball
3-0: Base on Balls
Batting: SHB António Cortéz 0-0: Called Strike
0-1: Called Strike
0-2: SINGLE (Line Drive, 7S)
T.J. Richardson to second
Runner from 2nd tries for 3rd, SAFE, no throw
Batting: RHB Jeffrey Barker 0-0: Fly out, F9 (Flyball, 9LMF)
Bottom of the 5th over - 0 runs, 1 hit, 0 errors, 2 left on base; Logan 3 - Plymouth 2
TOP OF THE 6TH
Logan Swans batting - Pitching for Plymouth Cocks : LHP William Evans
Batting: RHB Bill Becker 0-0: Ground out 4-3 (Groundball, 4)
Batting: RHB Amando Ursulo 0-0: Foul Ball, location: 2F
0-1: Ball
1-1: Fly out, F8 (Flyball, 78S)
Batting: SHB Francisco García 0-0: Ground out 1-3 (Groundball, P)
Top of the 6th over - 0 runs, 0 hits, 0 errors, 0 left on base; Logan 3 - Plymouth 2
BOTTOM OF THE 6TH
Plymouth Cocks batting - Pitching for Logan Swans : RHP Carlos Abrante
Batting: LHB Dave Sanders 0-0: DOUBLE (Groundball, 5L)
Batting: RHB Marcos Pérez 0-0: Ball
1-0: Called Strike
1-1: Called Strike
1-2: Foul Ball, location: 2F
1-2: Ball
2-2: Ball
3-2: Foul Ball, location: 2F
3-2: Base on Balls
Pitching: RHP Ángel Benítez
Batting: RHB Rob Palmer 0-0: Called Strike
0-1: SINGLE (Groundball, 56D)
Dave Sanders to third
Marcos Pérez to second
Runner from 3rd tries for Home, SAFE, throw made home
Batting: RHB Augusto Vázquez 0-0: Ball
1-0: Foul Ball, location: 2F
1-1: Fly out, F8 (Flyball, 8RD)
Batting: RHB Travis Jackson 0-0: Called Strike
0-1: Called Strike
0-2: Ball
1-2: Ball
2-2: Foul Ball, location: 2F
2-2: Foul Ball, location: 2F
2-2: Strikes out looking
Batting: LHB Vito Ramírez 0-0: Called Strike
0-1: Ball
1-1: Ground out 6-3 (Groundball, 56D)
Bottom of the 6th over - 1 run, 2 hits, 0 errors, 2 left on base; Logan 3 - Plymouth 3
TOP OF THE 7TH
Logan Swans batting - Pitching for Plymouth Cocks : LHP William Evans
Batting: RHB Víctor Cuevas 0-0: Ball
1-0: Ball
2-0: Fly out, F4 (Line Drive, 4M)
Batting: RHB Jeremy Camanho 0-0: Ball
1-0: Ball
2-0: Called Strike
2-1: Called Strike
2-2: Strikes out swinging
Pinch Hitting: RHB Bill Peterson 0-0: Ball
1-0: Called Strike
1-1: Ground out 4-3 (Groundball, 4)
Top of the 7th over - 0 runs, 0 hits, 0 errors, 0 left on base; Logan 3 - Plymouth 3
BOTTOM OF THE 7TH
Plymouth Cocks batting - Pitching for Logan Swans : RHP Ángel Benítez
Now in CF: Bill Peterson
Batting: LHB T.J. Richardson 0-0: Called Strike
0-1: Fly out, F9 (Line Drive, 89M)
Batting: SHB António Cortéz 0-0: Ball
1-0: Ball
2-0: Foul Ball, location: 2F
2-1: Foul Ball, location: 2F
2-2: Ball
3-2: Base on Balls
Batting: RHB Jeffrey Barker 0-0: Ball
1-0: Called Strike
1-1: Ball
António Cortéz steals 2nd base
2-1: Ball
3-1: SINGLE (Flyball, 8RS)
António Cortéz to third
Runner from 3rd tries for Home, SAFE, throw made home
Pinch Runner at 1st Arturo Nieves:
Batting: LHB Dave Sanders 0-0: Called Strike
0-1: Swinging Strike
0-2: Ball
1-2: Ball
Wild Pitch!
Arturo Nieves to second
2-2: SINGLE (Flyball, 9S)
Arturo Nieves to third
Runner from 3rd tries for Home, SAFE, no throw
Batting: RHB Marcos Pérez 0-0: Called Strike
0-1: Ball
1-1: Ball
2-1: Foul Ball, location: 2F
2-2: Ball
3-2: Base on Balls
Dave Sanders to second
Pinch Hitting: LHB Don Glassman 0-0: Ball
1-0: Ball
2-0: Swinging Strike
2-1: Ball
3-1: Foul Ball, location: 2F
3-2: Foul Ball, location: 2F
3-2: Strikes out swinging
Batting: RHB Augusto Vázquez 0-0: Foul Ball, location: 2F
0-1: Swinging Strike
0-2: Foul Ball, location: 2F
0-2: Strikes out swinging
Bottom of the 7th over - 2 runs, 2 hits, 0 errors, 2 left on base; Logan 3 - Plymouth 5
TOP OF THE 8TH
Logan Swans batting - Pitching for Plymouth Cocks : LHP William Evans
Pitching: RHP José Flores
Now at 3B: Sam Elder
Batting: RHB Ricardo Manegdeg 0-0: Called Strike
0-1: Ball
1-1: SINGLE (Line Drive, 4MD)
Batting: RHB Francisco Durango 0-0: Ball
1-0: Foul Ball, location: 2F
1-1: Ball
2-1: Foul Ball, location: 2F
2-2: Ball
3-2: Fly out, F8 (Flyball, 8LD)
Batting: SHB Torajiro Ito 0-0: Ball
1-0: Foul Ball, location: 2F
1-1: Ball
2-1: Foul Ball, location: 2F
2-2: Strikes out swinging
Batting: RHB Bill Becker 0-0: Foul Ball, location: 2F
0-1: Ball
1-1: Ball
2-1: Foul Ball, location: 2F
2-2: Fly out, F9 (Flyball, 9)
Top of the 8th over - 0 runs, 1 hit, 0 errors, 1 left on base; Logan 3 - Plymouth 5
BOTTOM OF THE 8TH
Plymouth Cocks batting - Pitching for Logan Swans : RHP Ángel Benítez
Batting: RHB Travis Jackson 0-0: Called Strike
0-1: Fly out, F7 (Line Drive, 7)
Batting: LHB Vito Ramírez 0-0: Ball
1-0: Called Strike
1-1: Ground out 3-1 (Groundball, 34S)
Batting: LHB T.J. Richardson 0-0: Called Strike
0-1: Called Strike
0-2: Ball
1-2: Fly out, F9 (Flyball, 9)
Bottom of the 8th over - 0 runs, 0 hits, 0 errors, 0 left on base; Logan 3 - Plymouth 5
TOP OF THE 9TH
Logan Swans batting - Pitching for Plymouth Cocks : RHP José Flores
Batting: RHB Amando Ursulo 0-0: Swinging Strike
0-1: Called Strike
0-2: Fly out, F3 (Popup, 3SF)
Batting: SHB Francisco García 0-0: Swinging Strike
0-1: Ball
1-1: Foul Ball, location: 2F
1-2: Ball
2-2: Ball
3-2: SINGLE (Groundball, 34D)
Pinch Hitting: LHB Vicente Vega 0-0: Ball
1-0: Called Strike
1-1: SINGLE (Groundball, 23) (infield hit)
Francisco García to second
Pinch Runner at 1st Miguel Price:
Pinch Hitting: SHB Francisco Madrigal 0-0: Ball
1-0: Ball
2-0: Ball
3-0: Base on Balls
Francisco García to third
Miguel Price to second
Batting: RHB Bill Peterson 0-0: Called Strike
0-1: Foul Ball, location: 2F
0-2: Ball
1-2: SINGLE (Flyball, 9LS)
Francisco García scores
Miguel Price to third
Francisco Madrigal to second
Runner from 3rd tries for Home, SAFE, no throw
Batting: RHB Ricardo Manegdeg 0-0: Ball
1-0: Swinging Strike
1-1: Foul Ball, location: 2F
1-2: Ball
2-2: Strikes out looking
Batting: RHB Francisco Durango 0-0: Fly out, F7 (Flyball, 7D)
Top of the 9th over - 2 runs, 3 hits, 0 errors, 2 left on base; Logan 5 - Plymouth 5
BOTTOM OF THE 9TH
Plymouth Cocks batting - Pitching for Logan Swans : LHP Jesús Camacho
Pitching: LHP Jesús Camacho
Now at SS: Jesús Farías
Now in CF: Francisco Madrigal
Batting: SHB António Cortéz 0-0: Called Strike
0-1: Ball
1-1: Ball
2-1: Swinging Strike
2-2: DOUBLE (Flyball, 89D)
Pitching: RHP Tony Parker
Batting: LHB Arturo Nieves 0-0: Called Strike
0-1: Foul Ball, location: 2F
0-2: Ball
1-2: Foul Ball, location: 2F
1-2: Foul Ball, location: 2F
1-2: Hit by Pitch
Batting: LHB Dave Sanders 0-0: Swinging Strike
0-1: Fly out, F7 (Flyball, 7LM)
Batting: RHB Marcos Pérez 0-0: Ball
1-0: Called Strike
1-1: Ball
2-1: Foul Ball, location: 2F
2-2: SINGLE (Flyball, 8RS)
António Cortéz to third
Arturo Nieves to second
Runner from 3rd tries for Home, SAFE, no throw
Saturday, December 16th, 2017 - OOTP Baseball 18.8 Build 76